 Dungeon Crawl Stone Soup version 0.20-a0-187-ge5586d949a (webtiles) character file.

340 patrickswayze the Covert (level 6, 0/36 HPs)
             Began as a Deep Elf Chaos Knight on Nov 23, 2016.
             Slain by an orc (4 damage)
             ... on level 4 of the Dungeon.
             The game lasted 00:08:10 (3272 turns).

patrickswayze the Covert (Deep Elf Chaos Knight)    Turns: 3272, Time: 00:08:11

Health: 0/36       AC:  8    Str:  6 (9)  XL:     6   Next: 30%
Magic:  8/8        EV: 13    Int: 16 (17) God:    Xom [.*....]
Gold:   186        SH:  0    Dex: 15 (18) Spells: 5/5 levels left

rFire  + . .     SeeInvis .     a - +0 short sword (chaos)
rCold  . . .     Gourm    .     b - +2 leather armour
rNeg   . . .     Faith    .     (no shield)
rPois  .         Spirit   .     p - +0 helmet
rElec  .         Reflect  .     (no cloak)
rCorr  .         Harm     .     l - +1 pair of gloves
MR     .....                    (no boots)
Stlth  ++++......               (no amulet)
                                u - ring of protection from fire
                                k - +1 ring of evasion

@: no status effects
A: claws 1, fangs 1, agile 1
a: Renounce Religion


You were on level 4 of the Dungeon.
You worshipped Xom.
You were a plaything of Xom.
You were not hungry.

You visited 1 branch of the dungeon, and saw 4 of its levels.

You collected 186 gold pieces.


Innate Abilities, Weirdness & Mutations

You have sharp fingernails.
You have very sharp teeth.
You are agile. (Dex +2)


   Skills:
 - Level 2.4 Fighting
 + Level 3.3 Short Blades
 - Level 0.7 Armour
 - Level 2.4 Dodging
 - Level 8.1 Stealth


You had 5 spell levels left.
You didn't know any spells.

Inventory:

Hand Weapons
 a - a +0 short sword of chaos (weapon)
Armour
 b - a +2 leather armour (worn)
 h - a +0 pair of gloves
 l - a +1 pair of gloves (worn)
 p - a +0 helmet (worn)
Jewellery
 j - an uncursed amulet of regeneration {unknown}
 k - a +1 ring of evasion (left hand)
 u - a ring of protection from fire (right hand)
 w - an uncursed ring of see invisible
Wands
 x - a wand of iceblast (9/15)
 y - a wand of digging (7/24)
Scrolls
 e - a scroll of teleportation {unknown}
 f - 2 scrolls of enchant weapon {unknown}
 m - a scroll of remove curse
 s - a scroll of amnesia {unknown}
 v - a scroll of immolation {unknown}
 A - a scroll of random uselessness {unknown}
 B - a scroll of magic mapping {unknown}
Potions
 z - a potion of mutation {!q}
Comestibles
 c - 5 bread rations
 d - 4 chunks of flesh
 g - 4 meat rations
 n - a slice of pizza
 o - 2 beef jerkies
 t - 3 fruits


Message History

The orc wizard casts a spell at you. The magic dart hits you!
The orc barely misses you. The orc misses you. The orc closely misses you.
The orc wizard hits you but does no damage.
You hit the orc wizard but do no damage.
There is a sudden explosion of sparks!
You kill the orc wizard!
The orc completely misses you. The orc barely misses you. The orc misses you.
The orc hits you but does no damage. x2; The orc barely misses you.
The orc barely misses you. x2; The orc closely misses you.
The orc barely misses you.
Things that are here:
a dagger; a robe You feel yourself speed up.
You revert to your normal fleshy form.
Your +1 pair of gloves unmelds from your body.
Your +2 leather armour unmelds from your body.
The orc hits you.
You die... "This toy is broken."

..........#
..........#
......<...#
..........#
..........#
.........##
..#..)..##########
....)).<.........#
#.#####..#######@##
..# ##.# #.o# o.###
#.########o## ....#
#.>.......o.#
....####...........##
....................#
....####..........#.#
....## #..........#)#
.[...###..........#.#


You could see 3 orcs.

Vanquished Creatures
  2 hounds (D:4)
  An orc wizard (D:4)
  2 orc priests (D:4)
  A jelly (D:3)
  A river rat (D:2)
  3 adders
  4 worms
  2 dart slugs
  A leopard gecko (D:2)
  6 orcs
  6 giant cockroaches
  15 goblins
  11 hobgoblins
  8 jackals
  4 quokkas
  10 bats
  5 frilled lizards
  9 kobolds
  2 leopard gecko skeletons (D:4)
  10 rats
103 creatures vanquished.

Notes
Turn   | Place    | Note
-------+----------+-------------------------------------------
     0 | D:1      | patrickswayze the Deep Elf Chaos Knight began the quest for the Orb.
     0 | D:1      | Reached XP level 1. HP: 13/13 MP: 3/3
    32 | D:1      | Reached skill level 1 in Stealth
   132 | D:1      | XOM: butterfly on damage
   138 | D:1      | Reached skill level 2 in Stealth
   180 | D:1      | XOM: divination: detect items
   256 | D:1      | Reached XP level 2. HP: 11/18 MP: 4/4
   406 | D:1      | XOM: mild Conj miscast
   622 | D:1      | Reached skill level 3 in Stealth
   807 | D:1      | Reached XP level 3. HP: 13/22 MP: 5/5
  1318 | D:1      | XOM: cloud trail
  1349 | D:2      | Reached skill level 4 in Stealth
  1372 | D:2      | Noticed Robin
  1374 | D:2      | Noticed Robin
  1374 | D:2      | Robin changed into Robin the river rat
  1374 | D:2      | XOM: polymorph Robin -> Robin the river rat
  1476 | D:2      | XOM: snakes to sticks
  1492 | D:2      | XOM: butterfly on damage
  1495 | D:2      | HP: 4/22 [goblin[Robin] (4)]
  1653 | D:2      | XOM: harmless Divn miscast
  1689 | D:2      | Killed Robin the river rat
  1694 | D:2      | XOM: potion effect (heal wounds)
  1756 | D:2      | XOM: mild Erth miscast
  1768 | D:2      | Reached skill level 5 in Stealth
  1768 | D:2      | Reached XP level 4. HP: 27/27 MP: 6/6
  2079 | D:2      | Found a sparkling altar of Nemelex Xobeh.
  2275 | D:3      | XOM: stealth player
  2462 | D:3      | Reached skill level 6 in Stealth
  2462 | D:3      | Reached XP level 5. HP: 27/31 MP: 7/7
  3072 | D:4      | XOM: give mutations
  3072 | D:4      | Gained mutation: You are covered in fur. (AC +1) [Xom's grace]
  3072 | D:4      | Gained mutation: You are agile. (Dex +2) [Xom's grace]
  3072 | D:4      | Gained mutation: You evolve. [Xom's grace]
  3072 | D:4      | Gained mutation: You have very sharp teeth. [Xom's grace]
  3092 | D:4      | Reached skill level 7 in Stealth
  3141 | D:4      | XOM: potion effect (berserk rage)
  3151 | D:4      | Reached XP level 6. HP: 36/36 MP: 8/8
  3188 | D:4      | Gained mutation: You have sharp fingernails. [evolution]
  3223 | D:4      | Found Geathet's Magic Scroll Shoppe.
  3236 | D:4      | XOM: cast spell 'Statue Form'
  3248 | D:4      | XOM: butterfly on damage
  3252 | D:4      | HP: 9/46 [orc priest/divine providence (12)]
  3254 | D:4      | Reached skill level 8 in Stealth
  3258 | D:4      | Gained mutation: You are partially covered in icy blue scales. (AC +2) [potion of mutation]
  3258 | D:4      | Lost mutation: You are covered in fur. (AC +1) [potion of mutation]
  3259 | D:4      | Lost mutation: You evolve. [potion of cure mutation]
  3259 | D:4      | Lost mutation: You are partially covered in icy blue scales. (AC +2) [potion of cure mutation]
  3264 | D:4      | HP: 7/46 [orc/falchion (4)]
  3272 | D:4      | Slain by an orc

Vault maps used:
D:1:      dpeg_arrival_court, nrook_mini_vaults
D:2:      first_bread, nemelex_diamond_rough_becter, uniq_robin
D:3:      serial_forest, infiniplex_forest_straight_4,
          infiniplex_forest_lined_ring, infiniplex_forest_side_room,
          infiniplex_forest_clump_medium, infiniplex_forest_end_1,
          kennysheep_generic_room_11
D:4:      serial_shops, shop, minmay_splitting_lines

Action                   |  1- 3 |  4- 6 || total
-------------------------+-------+-------++-------
Melee: Short sword       |   148 |   181 ||   329
       Bite              |       |     3 ||     3
  Use: Scroll            |     1 |     4 ||     5
       Potion            |       |     4 ||     4
 Stab: Sleeping          |     2 |     6 ||     8
       Distracted        |     1 |     1 ||     2
       Paralysed         |       |     2 ||     2
  Eat: Chunk             |     3 |     5 ||     8
Armor: Leather armour    |    48 |    52 ||   100
       Skin              |       |    43 ||    43
Dodge: Dodged            |   107 |   185 ||   292
